 Dungeon Crawl Stone Soup version 0.20.1-1-g8b1a95d (webtiles) character file.

228 picardb the Conjurer (level 5, -13/38 HPs)
             Began as a Draconian Conjurer on Dec 10, 2017.
             Mangled by an ogre
             ... wielding a +0 giant club
              (28 damage)
             ... on level 4 of the Dungeon.
             The game lasted 00:19:17 (4092 turns).

picardb the Conjurer (Draconian Conjurer)           Turns: 4092, Time: 00:19:17

Health: -13/38     AC:  6    Str: 10    XL:     5   Next: 71%
Magic:  8/9        EV: 12    Int: 16    God:
Gold:   70         SH:  0    Dex: 12    Spells: 4/10 levels left

rFire    . . .     SeeInvis .   e - +0 dagger
rCold    . . .     Gourm    .   (no shield)
rNeg     . . .     Faith    .   (armour unavailable)
rPois    .         Spirit   .   (helmet restricted)
rElec    .         Reflect  .   y - +0 cloak
rCorr    .         Harm     .   (no gloves)
MR       .....                  (no boots)
Stlth    ++........             (no amulet)
Regen    0.2/turn               (no ring)
MPRegen  0.2/turn               (no ring)

@: no status effects
A: unfitting armour, cold-blooded, AC +5
a: no special abilities


You were on level 4 of the Dungeon.
You were hungry.

You visited 1 branch of the dungeon, and saw 4 of its levels.

You collected 70 gold pieces.

Inventory:

Hand Weapons
 c - a +0 whip
 e - a +0 dagger (weapon)
 s - a +0 short sword
Missiles
 l - 132 stones (quivered)
Armour
 y - a +0 cloak (worn)
Jewellery
 m - a +5 ring of strength {unknown}
 x - an uncursed ring of ice {unknown}
Wands
 v - a wand of paralysis (2/24)
Scrolls
 f - 3 scrolls of magic mapping {unknown}
 h - a scroll of remove curse {unknown}
 i - 2 scrolls of teleportation {unknown}
 j - 2 scrolls of enchant weapon {unknown}
 n - a scroll of blinking {unknown}
 r - a scroll of noise {unknown}
 w - a scroll of identify {unknown}
Potions
 d - a potion of agility {unknown}
 g - 2 potions of flight {unknown}
 t - a potion of might {unknown}
 u - a potion of cancellation {unknown}
Books
 a - a book of Conjurations

   Spells                             Type                      Level
   a - Magic Dart                     Conjuration                  1
   b - Searing Ray                    Conjuration                  2
   c - Dazzling Spray                 Conjuration/Hexes            3
   d - Fulminant Prism                Conjuration/Hexes            4
   e - Force Lance                    Conjuration/Translocation    4
   f - Iskenderun's Mystic Blast      Conjuration                  4
Comestibles
 b - a bread ration
 k - 2 royal jellies
 o - 6 fruits
 p - 2 chunks of flesh
 q - a meat ration


   Skills:
 - Level 0.2 Fighting
 - Level 0.2 Short Blades
 - Level 1.7 Dodging
 - Level 1.7 Stealth
 + Level 3.1 Spellcasting
 * Level 6.4 Conjurations
 + Level 0.0 Hexes


You had 4 spell levels left.
You knew the following spells:

 Your Spells              Type           Power        Failure   Level  Hunger
a - Magic Dart            Conj           ###.         1%          1    None
b - Searing Ray           Conj           ###...       1%          2    ##.....
c - Dazzling Spray        Conj/Hex       ##....       14%         3    ###....


Dungeon Overview and Level Annotations

Branches:
Dungeon (4/15)
 Temple: D:4-7

Altars:
Dithmenos

Annotations:
D:3 TBC, Sigmund


Innate Abilities, Weirdness & Mutations

Your plain brown scales are hard. (AC +5)
You cannot fit into any form of body armour.
You are cold-blooded and may be slowed by cold attacks.


Message History

The ogre is heavily wounded.
The searing ray hits the ogre.
The ogre is almost dead.
You finish channeling your searing ray.
The ogre hits you with a giant club!!
Ouch! That really hurt!
* * * LOW HITPOINT WARNING * * *
Casting: Searing Ray
Confirm with . or Enter, or press ? or * to list all spells.
Okay, then.
Evoke which item? (* to show all) (? for menu, Esc to quit)
Aiming: Paralyse (will waste charges)
Press: ? - help, Shift-Dir - straight line, f/p - ogre
Aim: an ogre, wielding a giant club (almost dead, chance to defeat MR: 46%)
The ogre resists with some effort.
Evoking this partially-identified wand wasted a few charges.
The ogre closely misses you.
There is a stone staircase leading up here.
The ogre hits you with a giant club!!
Ouch! That really hurt!
You die...

############
.......@O..#############
##########..............
###############


You could see an ogre.

Vanquished Creatures
  An iguana (D:4)
  Ijyb (D:3)
  A howler monkey skeleton (D:4)
  4 gnolls (D:2)
  5 adders
  2 oozes
  A dart slug (D:3)
  A leopard gecko (D:3)
  3 orcs (D:3)
  2 ball pythons
  10 giant cockroaches
  2 goblins
  11 hobgoblins
  6 kobolds
  2 quokkas (D:3)
  A ball python skeleton (D:4)
  9 bats
  4 frilled lizards
  8 rats
74 creatures vanquished.

Notes
Turn   | Place    | Note
-------+----------+-------------------------------------------
     0 | D:1      | picardb the Draconian Conjurer began the quest for the Orb.
     0 | D:1      | Reached XP level 1. HP: 14/14 MP: 3/3
   365 | D:1      | Reached XP level 2. HP: 20/20 MP: 0/5
   422 | D:1      | Learned a level 2 spell: Searing Ray
  1671 | D:2      | Reached XP level 3. HP: 23/26 MP: 2/6
  1720 | D:2      | Reached skill level 5 in Conjurations
  2135 | D:2      | Reached XP level 4. HP: 33/33 MP: 2/7
  2705 | D:2      | Found a shadowy altar of Dithmenos.
  3025 | D:3      | Noticed Ijyb
  3065 | D:3      | Paralysed by Ijyb for 4 turns
  3074 | D:3      | Paralysed by Ijyb for 5 turns
  3084 | D:3      | Killed Ijyb
  3084 | D:3      | Reached XP level 5. HP: 6/38 MP: 0/9
  3397 | D:3      | Reached skill level 6 in Conjurations
  3735 | D:3      | Noticed Sigmund
  4043 | D:4      | Learned a level 3 spell: Dazzling Spray
  4046 | D:4      | Noticed an ogre
  4092 | D:4      | Mangled by an ogre

Skill      XL: |  1  2  3  4  5 |
---------------+----------------+-----
Conjurations   | 5 6 |  6.4
Spellcasting   | 3 |  3.1
Fighting       | |  0.2
Short Blades   | |  0.2
Dodging        | |  1.7
Stealth        | |  1.7

Action                   |  1- 3 |  4- 6 || total
-------------------------+-------+-------++-------
Melee: Dagger            |     7 |    22 ||    29
 Cast: Magic Dart        |    62 |    90 ||   152
       Searing Ray       |     4 |     4 ||     8
Evoke: Wand              |       |     1 ||     1
  Eat: Chunk             |     5 |     6 ||    11
Armor: Skin              |    12 |    10 ||    22
Dodge: Dodged            |    22 |    12 ||    34
